[Event "*** SCC Grand Prix: Titled Tuesday Blitz"]
[Site "Chess.com"]
[Date "2020.09.29"]
[Round "8"]
[White "pastouche06"]
[Black "SHIVACalypso"]
[Result "0-1"]
[WhiteElo "2468"]
[BlackElo "2356"]
[TimeControl "180+1"]
[EndTime "11:31:29 PDT"]
[Termination "SHIVACalypso won by resignation"]

1. d4 e6 2. c4 Nf6 3. Nc3 Bb4 4. e3 O-O 5. Ne2 c6 6. a3 Ba5 7. c5 d6 8. cxd6 Qxd6 9. b4 Bc7 10. g3 e5 11. Bg2 Re8 12. O-O e4 13. f3 exf3 14.
Bxf3 Bh3 15. Re1 Nbd7 16. Nf4 Bf5 17. e4 Bb6 18. Kg2 Qxd4 19. Bb2 Qxd1 20. Raxd1 Bg6 21.
Na4 Ne5 22. Nxg6 hxg6 23. Nc5 Bxc5 24. bxc5 Nc4 25. Bxf6 gxf6 26. Rd7 Na5 27. h4 Rad8 28. Red1 Rxd7 29. Rxd7 Re5 30. g4 Rxc5 31. h5 Kg7 32. Kg3 Rc3 0-1

[Event "*** SCC Grand Prix: Titled Tuesday Blitz"]
[Site "Chess.com"]
[Date "2020.09.29"]
[Round "8"]
[White "ural58"]
[Black "artichaud"]
[Result "0-1"]
[WhiteElo "2339"]
[BlackElo "2224"]
[TimeControl "180+1"]
[EndTime "11:31:31 PDT"]
[Termination "artichaud won on time"]

1. e4 d6 2. d4 Nf6 3. Nc3 c6 4. f4 Qa5 5. Qd2 Nbd7 6. a3 e5 7. Nf3 Be7 8. b4 Qc7 9. Bb2 O-O 10. Be2 Re8 11. O-O Bf8 12. Rae1 a5 13. b5 a4 14.
Ng5 h6 15. Nxf7 Kxf7 16. fxe5 dxe5 17. Bh5+ Kg8 18. Bxe8 Nxe8 19. Qf2 Nef6 20. bxc6 bxc6 21. d5 Bc5 22. Re3 Ba6 23. Rfe1 Ng4 24. Qg3 Nxe3 25. Rxe3 Rf8 26. h3 Bxe3+ 27. Qxe3 Qb6 28. Qxb6 Nxb6 29. dxc6 Nc4 30. Nd5 Nxb2 0-1

[Event "*** SCC Grand Prix: Titled Tuesday Blitz"]
[Site "Chess.com"]
[Date "2020.09.29"]
[Round "8"]
[White "TST2014"]
[Black "RaphCamora"]
[Result "1-0"]
[WhiteElo "2568"]
[BlackElo "2412"]
[TimeControl "180+1"]
[EndTime "11:31:32 PDT"]
[Termination "TST2014 won by resignation"]

1. d4 Nf6 2. c4 g6 3. Nc3 Bg7 4. e4 O-O 5. Nf3 d6 6. Be2 c5 7. d5 Na6 8. O-O e5 9. Ne1 Ne8 10.
Nd3 f5 11. f3 f4 12. a3 g5 13. b4 b6 14. Bd2 h5 15. b5 Nac7 16. a4 Nf6 17.
Nf2 a5 18. bxa6 Rxa6 19. h3 Bd7 20. Qb3 Qa8 21. Rfb1 Qa7 22. Nb5 Nxb5 23. cxb5 Ra5 24. Bxa5 Qxa5 25. Rc1 Bh6 26. Qc3 Ra8 27. Qxa5 Rxa5 28.
Nd1 g4 29. hxg4 hxg4 30. Nb2 Nh5 31. fxg4 Ng3 32. Bf3 1-0

[Event "*** SCC Grand Prix: Titled Tuesday Blitz"]
[Site "Chess.com"]
[Date "2020.09.29"]
[Round "8"]
[White "TimKett"]
[Black "maxip32"]
[Result "0-1"]
[WhiteElo "2171"]
[BlackElo "2345"]
[TimeControl "180+1"]
[EndTime "11:31:32 PDT"]
[Termination "maxip32 won by resignation"]

1. e4 c5 2. Nf3 d6 3. d4 cxd4 4. Nxd4 Nf6 5. Nc3 a6 6. Bg5 e6 7. f4 Nbd7 8. Qf3 h6 9. Bh4 e5 10. Nf5 exf4 11. Qxf4 g5 12. Nxd6+ Bxd6 13. Qxd6 gxh4 14.
e5 Qe7 15. Qxe7+ Kxe7 16. exf6+ Nxf6 17. O-O-O h3 18. gxh3 Be6 19. Bg2 Rab8 20. Rhe1 Kf8 21. Ne4 Nxe4 22. Rxe4 Rg8 23. Rd2 Rc8 24. Red4 b5 25.
Bb7 Rg1+ 26. Rd1 Rxd1+ 27. Kxd1 Rb8 28. Bxa6 Ke7 29. c4 bxc4 30. Bxc4 Rxb2 31. Bxe6 Kxe6 32. a4 Rxh2 33. Rd2 Rxh3 34. Ra2 Rh1+ 35. Kc2 Rh2+ 36. Kb3 Rxa2 37. Kxa2 Kd5 0-1

[Event "*** SCC Grand Prix: Titled Tuesday Blitz"]
[Site "Chess.com"]
[Date "2020.09.29"]
[Round "8"]
[White "Ginger_GM"]
[Black "BogdanDeac"]
[Result "1-0"]
[WhiteElo "2708"]
[BlackElo "2877"]
[TimeControl "180+1"]
[EndTime "11:31:33 PDT"]
[Termination "Ginger_GM won by resignation"]

1. c4 e6 2. Nc3 d5 3. d4 c6 4. e4 Bb4 5. Bd3 dxe4 6. Bxe4 Nf6 7. Bc2 c5 8. a3 Ba5 9. Nf3 Nc6 10. dxc5 Bxc3+ 11. bxc3 Qa5 12. O-O Qxc5 13. Be3 Qxc4 14. Qd6 e5 15.
Nxe5 Nxe5 16. Qxe5+ Be6 17. Bc5 Qd5 18. Ba4+ 1-0

[Event "*** SCC Grand Prix: Titled Tuesday Blitz"]
[Site "Chess.com"]
[Date "2020.09.29"]
[Round "8"]
[White "sergeikim"]
[Black "almaguerjm"]
[Result "1-0"]
[WhiteElo "2419"]
[BlackElo "2314"]
[TimeControl "180+1"]
[EndTime "11:31:34 PDT"]
[Termination "sergeikim won by resignation"]

1. d4 d5 2. c4 e6 3. Nc3 c5 4. e3 Nc6 5. Nf3 Nf6 6. a3 cxd4 7. exd4 dxc4 8. Bxc4 Be7 9. O-O O-O 10. Bg5 Nd5 11.
Bd2 Nxc3 12. bxc3 Qc7 13. Bd3 Na5 14. Re1 Bd7 15. Ne5 Rad8 16. Re3 g6 17. Rh3 Bf6 18. Bf4 Qxc3 19. Bxg6 Qxh3 20. Bxf7+ Rxf7 21. gxh3 Rg7+ 22.
Bg3 Nc6 23. Qf3 Bxe5 24. dxe5 Nd4 25. Qxb7 Bc6 26. Qa6 Nf3+ 27. Kf1 Nd2+ 28. Ke2 Rb7 29. Qxc6 Rb2 30. Qxe6+ Kf8 31. Qf6+ Ke8 32. e6 Ne4+ 33. Qxb2 1-0

[Event "*** SCC Grand Prix: Titled Tuesday Blitz"]
[Site "Chess.com"]
[Date "2020.09.29"]
[Round "8"]
[White "ChessWarrior3"]
[Black "leoduarte"]
[Result "0-1"]
[WhiteElo "2138"]
[BlackElo "2303"]
[TimeControl "180+1"]
[EndTime "11:31:35 PDT"]
[Termination "leoduarte won by resignation"]

1. e4 c5 2. Nf3 Nc6 3. d4 cxd4 4. Nxd4 g6 5. c4 Bg7 6. Be3 Nf6 7. Nc3 O-O 8. f3 d6 9. Be2 Bd7 10. Qd2 Nxd4 11. Bxd4 a5 12. Nd5 e6 13. Nxf6+ Bxf6 14.
Bxf6 Qxf6 15. O-O-O Rfd8 16. Qd4 Qg5+ 17. Qd2 Qxg2 18. Qe3 Bc6 19. h3 Qg3 20. Qd4 Qf4+ 21. Qd2 Qe5 22. h4 h5 23. Rdg1 a4 24. Rg5 Qf6 25. f4 Bxe4 26. Rhg1 Kf8 27. Qe3 Bf5 28.
Qb6 a3 29. Bxh5 Qxb2+ 0-1

[Event "*** SCC Grand Prix: Titled Tuesday Blitz"]
[Site "Chess.com"]
[Date "2020.09.29"]
[Round "8"]
[White "canary2016"]
[Black "Grineva_Marianna"]
[Result "0-1"]
[WhiteElo "1927"]
[BlackElo "2255"]
[TimeControl "180+1"]
[EndTime "11:31:35 PDT"]
[Termination "Grineva_Marianna won by checkmate"]

1. d4 f5 2. g3 Nf6 3. Bg2 g6 4. b3 Bg7 5. Bb2 O-O 6. c4 d6 7. Nf3 Nbd7 8. O-O Ne4 9. Nc3 Ndf6 10. Nd2 Ng5 11. Qc2 f4 12. gxf4 Nh3+ 13. Kh1 Nxf4 14. Bf3 N6h5 15. e3 Nh3 16. Nde4 Rxf3 17. Kg2 Qf8 18. Nb5 Bf5 19. Nxc7 Rc8 20. Nd5 Ng5 21. Ndc3 d5 22. h4 Nxe4 23. cxd5 Nxc3 24. Qd2 Be4 25.
Bxc3 Qf5 26. Rh1 Rxf2+ 27. Kg1 Rxd2 28. Rf1 Rg2# 0-1

[Event "*** SCC Grand Prix: Titled Tuesday Blitz"]
[Site "Chess.com"]
[Date "2020.09.29"]
[Round "8"]
[White "csati17"]
[Black "Evandro_Barbosa"]
[Result "0-1"]
[WhiteElo "2591"]
[BlackElo "2736"]
[TimeControl "180+1"]
[EndTime "11:31:37 PDT"]
[Termination "Evandro_Barbosa won by resignation"]

1. c4 c5 2. g3 Nc6 3. Bg2 g6 4. Nc3 Bg7 5. e3 e5 6. Nge2 Nge7 7. O-O O-O 8. Nd5 d6 9. d3 a6 10. Rb1 Rb8 11. a3 b5 12. cxb5 axb5 13. b4 cxb4 14. Nxb4 Nxb4 15. Rxb4 Be6 16. Nc3 Qd7 17. d4 Rfc8 18.
Bb2 Bc4 19. dxe5 Bxf1 20. Bxf1 Bxe5 21. Nxb5 Nc6 22. Rb3 Bxb2 23. Rxb2 Ne5 24. a4 Qe6 25. Rd2 Rb6 26. a5 Rbc6 27. Nd4 Qf6 28. Qb3 Rc1 29. Kg2 Ng4 30. Qd5 Rxf1 0-1

[Event "*** SCC Grand Prix: Titled Tuesday Blitz"]
[Site "Chess.com"]
[Date "2020.09.29"]
[Round "8"]
[White "JoliyRoger"]
[Black "Kildepiotr"]
[Result "0-1"]
[WhiteElo "2439"]
[BlackElo "2580"]
[TimeControl "180+1"]
[EndTime "11:31:44 PDT"]
[Termination "Kildepiotr won by resignation"]

1. Nf3 g6 2. d4 Bg7 3. c4 d6 4. h3 Nd7 5. e4 e5 6. d5 Nc5 7. Nc3 a5 8. Be3 Qe7 9. Be2 f5 10. Nd2 Bh6 11. Bxc5 dxc5 12. O-O Nf6 13. Bf3 O-O 14. Re1 Bxd2 15. Qxd2 f4 16. Rad1 Ne8 17.
Nb5 Nd6 18. Nxd6 cxd6 19. a3 a4 20. Rb1 h5 21. b4 axb3 22. Rxb3 Ra4 23. Qe2 Kg7 24.
Reb1 Rh8 25. Qd1 Rxc4 26. R1b2 Rd4 27. Qb1 Kh6 28. Rb6 Rd8 29. Qc2 Qg5 30. Kh2 Qe7 31.
a4 Rg8 32. a5 Kh7 33. Qb1 Rg7 34. a6 bxa6 35. Rb8 Qc7 36. Qd1 Rxd1 37. Bxd1 0-1

[Event "*** SCC Grand Prix: Titled Tuesday Blitz"]
[Site "Chess.com"]
[Date "2020.09.29"]
[Round "8"]
[White "WPWPWP-2015"]
[Black "PLAYER_2006_M"]
[Result "1-0"]
[WhiteElo "2441"]
[BlackElo "2549"]
[TimeControl "180+1"]
[EndTime "11:31:49 PDT"]
[Termination "WPWPWP-2015 won by resignation"]

1. e4 e6 2. d4 d5 3. Nc3 Nf6 4. Bg5 Bb4 5. Ne2 h6 6. Bxf6 Qxf6 7. a3 Bxc3+ 8. Nxc3 dxe4 9. Nxe4 Qg6 10. Ng3 O-O 11. Bd3 Qf6 12. O-O a5 13. Re1 b6 14.
Be4 Ra7 15. Qd3 Rd8 16. Rad1 Bb7 17. Bxb7 Rxb7 18. Qe4 c6 19. c3 Rbd7 20. Rd3 c5 21. Rf3 Qe7 22. Nf5 Qg5 23. Nxg7 Qd5 24. Rg3 Kh8 25. Qf4 Kh7 26. Re5 cxd4 27. Rxd5 Rxd5 28. Nh5 1-0

[Event "*** SCC Grand Prix: Titled Tuesday Blitz"]
[Site "Chess.com"]
[Date "2020.09.29"]
[Round "8"]
[White "GelmanAlexander"]
[Black "Belka1989"]
[Result "1-0"]
[WhiteElo "2542"]
[BlackElo "2299"]
[TimeControl "180+1"]
[EndTime "11:31:50 PDT"]
[Termination "GelmanAlexander won by resignation"]

1. d4 Nf6 2. Nc3 c5 3. d5 e5 4. e4 d6 5. h3 Be7 6. Nf3 a6 7. a4 O-O 8. Nd2 Ne8 9. Nc4 f5 10.
exf5 Bxf5 11. Bd3 Nd7 12. O-O Bg5 13. Bxf5 Rxf5 14. Qg4 g6 15. Bxg5 Rxg5 16. Qe6+ Kg7 17.
Nxd6 Nxd6 18. Qxd6 Nf6 19. Qxc5 Rc8 20. Qe3 Rf5 21.
Rad1 h5 22. f4 exf4 23. Rxf4 Rxf4 24. Qxf4 Qb6+ 25. Qd4 Qxb2 26. Rd3 Qxc2 27. Rf3 Rf8 28. d6 Qc1+ 29. Kh2 h4 30. Nd5 1-0

[Event "*** SCC Grand Prix: Titled Tuesday Blitz"]
[Site "Chess.com"]
[Date "2020.09.29"]
[Round "8"]
[White "tteshan"]
[Black "GianmarcoVaR"]
[Result "1-0"]
[WhiteElo "2395"]
[BlackElo "2532"]
[TimeControl "180+1"]
[EndTime "11:31:50 PDT"]
[Termination "tteshan won by resignation"]

1. e4 c5 2. Nf3 d6 3. d4 cxd4 4. Nxd4 Nf6 5. Nc3 a6 6. h3 e5 7. Nf3 h6 8. Bc4 Be7 9. O-O O-O 10. Be3 Be6 11. Bb3 Nc6 12. Qe2 Na5 13. Rfd1 Rc8 14. Nxe5 b5 15. Bxe6 fxe6 16. Ng6 Re8 17. e5 Rxc3 18.
Nxe7+ Rxe7 19. exf6 Rec7 20. bxc3 Nc4 21. Bd4 Qe8 22.
fxg7 e5 23. Be3 h5 24. Bh6 Qg6 25. Qf3 Kh7 26. Qf8 1-0

[Event "*** SCC Grand Prix: Titled Tuesday Blitz"]
[Site "Chess.com"]
[Date "2020.09.29"]
[Round "8"]
[White "Gerodot71"]
[Black "ClydeHillKid"]
[Result "1-0"]
[WhiteElo "2452"]
[BlackElo "2360"]
[TimeControl "180+1"]
[EndTime "11:31:50 PDT"]
[Termination "Gerodot71 won by resignation"]

1. d4 d5 2. c4 e6 3. Nf3 Nf6 4. g3 Be7 5. Bg2 O-O 6. O-O Nbd7 7. Qc2 c5 8. cxd5 Nxd5 9. Nc3 Nxc3 10. bxc3 cxd4 11.
cxd4 Nf6 12. Bd2 Bd7 13. Ne5 Rc8 14. Qb2 b6 15. Nxd7 Qxd7 16. Rfc1 Rxc1+ 17. Rxc1 Rc8 18. e3 h6 19. h4 Rc7 20. Rxc7 Qxc7 21. Qb3 e5 22.
dxe5 Qxe5 23. Bc3 Qc5 24. Bd4 Qc1+ 25. Bf1 Qd2 26. Qb2 Qxb2 27. Bxb2 Kf8 28. Bc4 Ne4 29. Kg2 Bf6 30. Ba3+ Be7 31. Bc1 Bb4 32. Bd5 Nc3 33. Bb3 a5 34. Bb2 Ke7 35. a3 Nd1 36. Bxd1 Bc5 37.
Be2 g6 38. a4 h5 39. Bb5 Kd6 40. Kf3 Ke6 41. Ke4 f5+ 42. Kf3 Be7 43. Be8 g5 44.
hxg5 Bxg5 45. Bxh5 1-0

[Event "*** SCC Grand Prix: Titled Tuesday Blitz"]
[Site "Chess.com"]
[Date "2020.09.29"]
[Round "8"]
[White "LiemLe"]
[Black "BocharovD"]
[Result "1-0"]
[WhiteElo "2993"]
[BlackElo "2802"]
[TimeControl "180+1"]
[EndTime "11:31:52 PDT"]
[Termination "LiemLe won by resignation"]

1. d4 Nf6 2. Nf3 c5 3. d5 b5 4. Bg5 Ne4 5. Bf4 Bb7 6. a4 b4 7. Qd3 f5 8. Nbd2 Nf6 9. Qxf5 Nxd5 10. Ng5 Nf6 11. Nxh7 e6 12. Qg6+ Ke7 13. Bg5 Kd6 14. Nxf6 gxf6 15. Bxf6 Be7 16. Nc4+ Kc7 17. Be5+ Kc8 18.
O-O-O Rg8 19. Qd3 d5 20. Qh3 Qd7 21. e4 Nc6 22. exd5 exd5 23. g3 Nd4 24. Bxd4 cxd4 25.
Rxd4 Bc5 26. Ne5 Qxh3 27. Bxh3+ Kc7 28. Rf4 Raf8 29. Rxf8 Rxf8 30. Nd7 1-0

[Event "*** SCC Grand Prix: Titled Tuesday Blitz"]
[Site "Chess.com"]
[Date "2020.09.29"]
[Round "8"]
[White "lucachess49"]
[Black "moventog"]
[Result "1-0"]
[WhiteElo "2378"]
[BlackElo "2229"]
[TimeControl "180+1"]
[EndTime "11:31:54 PDT"]
[Termination "lucachess49 won by resignation"]

1. d4 d6 2. c4 Nf6 3. Nc3 Nbd7 4. e4 e5 5. Nge2 Be7 6. Be3 O-O 7. f3 c6 8. d5 c5 9. Qd2 a6 10. g4 Rb8 11. a4 Qa5 12. Kf2 b5 13. cxb5 axb5 14.
Bg2 b4 15. Nb5 Nb6 16. b3 Bd7 17. Ng3 Bxb5 18. axb5 Qxb5 19. Nf5 Rfe8 20. Bh6 g6 21. Ra7 Nbd7 22. Rha1 Nxe4+ 23. fxe4 gxf5 24. Bf1 Qb6 25. Rxd7 f4 26. Ra6 1-0

[Event "*** SCC Grand Prix: Titled Tuesday Blitz"]
[Site "Chess.com"]
[Date "2020.09.29"]
[Round "8"]
[White "Rakesh"]
[Black "Fy_Rakotomaharo"]
[Result "0-1"]
[WhiteElo "2439"]
[BlackElo "2677"]
[TimeControl "180+1"]
[EndTime "11:31:55 PDT"]
[Termination "Fy_Rakotomaharo won by resignation"]

1. e4 e5 2. Nf3 Nc6 3. d4 exd4 4. Nxd4 Bc5 5. Nb3 Bb6 6. Nc3 d6 7. Qe2 a5 8. Be3 a4 9. Nd2 a3 10. b3 Qf6 11. e5 Qxe5 12. Bxb6 cxb6 13. O-O-O Nf6 14.
Nc4 Qxe2 15. Nxd6+ Ke7 16. Bxe2 Rd8 17. Ncb5 Nb4 18. c3 Nxa2+ 19. Kb1 Nxc3+ 20. Nxc3 Rxd6 21. Rxd6 Kxd6 22. Rd1+ Ke7 23. Ka2 Be6 24. Bf3 Nd7 25. Bd5 Nc5 26. Bxe6 fxe6 27. b4 Nd7 28. Nb5 Ne5 29. f4 Nc6 30. Kb3 a2 31. Nc3 a1=Q 0-1

[Event "*** SCC Grand Prix: Titled Tuesday Blitz"]
[Site "Chess.com"]
[Date "2020.09.29"]
[Round "8"]
[White "chessmadara"]
[Black "Martins-BR"]
[Result "0-1"]
[WhiteElo "2115"]
[BlackElo "2299"]
[TimeControl "180+1"]
[EndTime "11:31:55 PDT"]
[Termination "Martins-BR won by resignation"]

1. e4 c5 2. Nf3 e6 3. d4 cxd4 4. Nxd4 Nc6 5. Nc3 Qc7 6. Be2 a6 7. O-O b5 8. a3 Bb7 9. Be3 Nf6 10. f3 Bd6 11. g3 Bxg3 12. hxg3 Qxg3+ 13. Kh1 Ng4 14. fxg4 Qh3+ 15. Kg1 Qxe3+ 16. Rf2 Nxd4 17. Qd3 Nxe2+ 18.
Qxe2 Qxe2 19. Rxe2 O-O-O 20. Rf2 f6 21. Rd1 Kc7 22.
Rfd2 d6 23. Rh2 h6 24. Kf2 Rd7 25. Ke3 Rhd8 26. Ne2 d5 27. Nf4 Re8 28. Rhd2 Bc6 29. exd5 exd5+ 30. Kf2 Re5 31. Rd4 Re4 32. Nxd5+ Bxd5 33.
Rxd5 Rxd5 34. Rxd5 Rxg4 0-1

[Event "*** SCC Grand Prix: Titled Tuesday Blitz"]
[Site "Chess.com"]
[Date "2020.09.29"]
[Round "8"]
[White "ChronicUnhappiness"]
[Black "isainz"]
[Result "0-1"]
[WhiteElo "2276"]
[BlackElo "2044"]
[TimeControl "180+1"]
[EndTime "11:31:55 PDT"]
[Termination "isainz won by resignation"]

1. d4 Nf6 2. c4 g6 3. Nc3 Bg7 4. e4 d6 5. Nf3 O-O 6. Be2 e5 7. O-O Nc6 8. Be3 Ng4 9. Bg5 f6 10. Bc1 f5 11. d5 Nd4 12. Nxd4 exd4 13. Nb5 Ne5 14. exf5 d3 15. Bxd3 Nxd3 16. Qxd3 Bxf5 17. Qb3 a6 18. Nc3 Qh4 19. Ne2 a5 20. Be3 a4 21.
Qxb7 Qxc4 22. Ng3 Rfb8 23. Qc6 Qxc6 24. dxc6 Bd3 25. Rfe1 Bxb2 26. Rad1 Bc4 27. Bd4 Bxd4 28. Rxd4 Bxa2 29. h4 Bf7 30. Re7 a3 31. Rf4 Rf8 32. Ne4 a2 0-1

[Event "*** SCC Grand Prix: Titled Tuesday Blitz"]
[Site "Chess.com"]
[Date "2020.09.29"]
[Round "8"]
[White "ehrenfeld"]
[Black "MFBerna"]
[Result "1-0"]
[WhiteElo "2527"]
[BlackElo "2374"]
[TimeControl "180+1"]
[EndTime "11:31:56 PDT"]
[Termination "ehrenfeld won by resignation"]

1. e4 c6 2. d4 d5 3. exd5 cxd5 4. Bd3 Nc6 5. c3 g6 6. Nf3 Bg7 7. O-O Bg4 8. Re1 Nf6 9. Nbd2 O-O 10. h3 Bxf3 11.
Nxf3 a6 12. Bf4 b5 13. a3 Qb6 14. Qd2 a5 15. Ne5 Nxe5 16. Bxe5 Rfe8 17. Qe2 b4 18. cxb4 axb4 19. a4 b3 20. Rec1 Rec8 21. Rxc8+ Rxc8 22. a5 Qa7 23. a6 Rc6 24. Bb5 Rb6 25. Rc1 Ne4 26. Rc8+ Bf8 27. Rc7 Qa8 28. Qd3 Nd6 29. Bxd6 exd6 30. Qf3 f5 31. Qe3 Qd8 32. Qe6+ Kh8 33.
Qf7 1-0

[Event "*** SCC Grand Prix: Titled Tuesday Blitz"]
[Site "Chess.com"]
[Date "2020.09.29"]
[Round "8"]
[White "maximnovik"]
[Black "ajdemipopushi"]
[Result "1-0"]
[WhiteElo "2535"]
[BlackElo "2354"]
[TimeControl "180+1"]
[EndTime "11:31:57 PDT"]
[Termination "maximnovik won on time"]

1. d4 Nf6 2. Bg5 c5 3. Bxf6 gxf6 4. d5 Qb6 5. Qc1 f5 6. c4 e5 7. Nc3 Bh6 8. e3 d6 9. Qc2 Nd7 10. g3 Nf6 11. Bh3 f4 12. exf4 exf4 13. Bxc8 Rxc8 14.
Nf3 Qb4 15. O-O O-O 16. Qf5 Bg7 17. g4 Qxb2 18. Rac1 Rcd8 19. g5 Nd7 20. Rc2 Qb4 21. Ne4 Ne5 22. Nxe5 Bxe5 23. h4 f6 24. g6 1-0

[Event "*** SCC Grand Prix: Titled Tuesday Blitz"]
[Site "Chess.com"]
[Date "2020.09.29"]
[Round "8"]
[White "FearNoEvil12"]
[Black "dominikaf"]
[Result "0-1"]
[WhiteElo "2075"]
[BlackElo "2303"]
[TimeControl "180+1"]
[EndTime "11:31:57 PDT"]
[Termination "dominikaf won by resignation"]

1. e4 e5 2. d4 exd4 3. Bc4 Nc6 4.
Nf3 Nf6 5. e5 d5 6. Bb5 Ne4 7.
Nxd4 Bd7 8. Bxc6 bxc6 9. O-O Bc5 10. f3 Ng5 11. f4 Ne4 12. Nc3 Nxc3 13. bxc3 Qe7 14. Be3 Bb6 15. Qd2 O-O 16. Rae1 Rae8 17. Kh1 c5 18. Ne2 Bc6 19. Ng3 f6 20. e6 f5 21. Bf2 Qf6 22. Re5 g6 23. Rfe1 Re7 24.
Qe2 Rfe8 25. Nf1 Bb7 26. Nd2 c6 27. Nf3 Bc7 28. Bh4 Qg7 29. Bxe7 Bxe5 30. Qxe5 Qxe5 31.
Nxe5 Rxe7 32. Nd7 c4 33. Nc5 Bc8 34. Kg1 Kg7 35. Kf2 Kf6 36. Rb1 Bxe6 37. Nxe6 Kxe6 38.
Kf3 Kd6 39. g3 c5 40. h4 d4 41. Rb8 Re3+ 42. Kf2 Rxc3 0-1

[Event "*** SCC Grand Prix: Titled Tuesday Blitz"]
[Site "Chess.com"]
[Date "2020.09.29"]
[Round "8"]
[White "Evachess2006"]
[Black "Morshynska"]
[Result "0-1"]
[WhiteElo "1631"]
[BlackElo "2189"]
[TimeControl "180+1"]
[EndTime "11:31:59 PDT"]
[Termination "Morshynska won on time"]

1. e4 c5 2. c3 Nf6 3. e5 Nd5 4. d4 cxd4 5. Nf3 e6 6. cxd4 d6 7. exd6 Bxd6 8. Nc3 Nxc3 9. bxc3 O-O 10. Bd3 Nd7 11. O-O Qc7 12. Bxh7+ Kxh7 13. Ng5+ Kg6 14. Qd3+ Kf6 15. Nh7+ Ke7 16. Nxf8 Nxf8 17. Qh3 b6 18. Bg5+ Ke8 19. f4 Bb7 20. f5 f6 21. Be3 e5 22.
dxe5 Bxe5 0-1

[Event "*** SCC Grand Prix: Titled Tuesday Blitz"]
[Site "Chess.com"]
[Date "2020.09.29"]
[Round "8"]
[White "GMaka"]
[Black "Lion-Al-Messi"]
[Result "0-1"]
[WhiteElo "2371"]
[BlackElo "2537"]
[TimeControl "180+1"]
[EndTime "11:32:02 PDT"]
[Termination "Lion-Al-Messi won by resignation"]

1. d4 d5 2. Bf4 Nf6 3. e3 c5 4. c3 Qb6 5. Qb3 c4 6. Qxb6 axb6 7.
Nd2 b5 8. a3 Bf5 9. Rd1 g6 10.
f3 Bg7 11. g4 Be6 12. h4 h5 13. g5 Nfd7 14. Bxb8 Nxb8 15. Bh3 Bxh3 16. Nxh3 O-O 17. Nf4 Rd8 18. e4 dxe4 19. Nxe4 Nc6 20. Ke2 e5 21.
dxe5 Nxe5 22. Nd5 Nd3 23. Ndf6+ Bxf6 24. Nxf6+ Kg7 25. Rd2 Rd6 26. Rhd1 Re6+ 27. Ne4 Rae8 28. Ke3 Nc5 29. Rd4 b6 30. Kf4 Nd3+ 31. R4xd3 cxd3 32. Rxd3 Rc8 33. Rd5 Rec6 34. Rxb5 Rd8 35. a4 Rd1 36.
Rb4 Rh1 37. Kg3 Rg1+ 38. Kh2 Ra1 39. Rd4 Re6 40. Kg2 Ra2 41. Rb4 Kf8 42. Kf2 Ke7 43.
Ke3 Kd7 44. Kd4 Kc6 45. Rc4+ Kb7 46. Kd5 Ra1 47. Nd6+ Ka6 48. Nxf7 Re3 49. Ne5 Rd1+ 50. Rd4 Rg1 51. Nxg6 Rxf3 52. Ke5 Rg4 53. Rxg4 hxg4 54. Nf4 g3 55. Nh3 g2 56. Ng1 Rf1 57. g6 Rxg1 58.
g7 Re1+ 0-1

[Event "*** SCC Grand Prix: Titled Tuesday Blitz"]
[Site "Chess.com"]
[Date "2020.09.29"]
[Round "8"]
[White "fabianvivasz"]
[Black "Gusarov91"]
[Result "1-0"]
[WhiteElo "2458"]
[BlackElo "2568"]
[TimeControl "180+1"]
[EndTime "11:32:03 PDT"]
[Termination "fabianvivasz won by checkmate"]

1. e4 c6 2. Nf3 Na6 3. d4 Nc7 4. Nc3 d5 5. Bd3 Bg4 6. h3 Bxf3 7. Qxf3 dxe4 8. Nxe4 Qxd4 9. Bf4 Nd5 10. O-O-O Nxf4 11. Qxf4 Qb6 12. Bc4 Nf6 13. Rhe1 Rd8 14. Nd6+ Rxd6 15.
Qxd6 e6 16. Qb8+ Ke7 17. Rd2 g6 18. Red1 Ne8 19. Rd7+ Kf6 20. Qf4+ Kg7 21. Rxf7+ Kg8 22. Rxf8+ Kg7 23. Rf7+ Kg8 24. Bxe6 Qa5 25. Rf8+ Kg7 26. Rf7+ Kg8 27. Re7# 1-0

[Event "*** SCC Grand Prix: Titled Tuesday Blitz"]
[Site "Chess.com"]
[Date "2020.09.29"]
[Round "8"]
[White "exoticprincess"]
[Black "GmSergioBarrientos"]
[Result "1-0"]
[WhiteElo "2891"]
[BlackElo "2691"]
[TimeControl "180+1"]
[EndTime "11:32:07 PDT"]
[Termination "exoticprincess won by checkmate"]

1. e4 c5 2. Nf3 e6 3. d4 cxd4 4. Nxd4 a6 5. Be2 b5 6. O-O Bb7 7. Nd2 Nc6 8. c3 Nge7 9. N4b3 Ng6 10. a4 b4 11. Nc4 Qc7 12. Be3 bxc3 13. bxc3 Be7 14.
Rb1 Nce5 15. Bb6 Qb8 16. Nc5 Bc6 17. Na5 Qc8 18. Qd4 Nf4 19. Bxa6 Rxa6 20. Qxe5 Ng6 21. Qd4 Ra8 22. Rfd1 d6 23. Qxg7 dxc5 24. Nc4 Rxa4 25. Nd6+ Bxd6 26. Rxd6 Bxe4 27. Rbd1 Bd5 28. h4 h5 29.
R1xd5 exd5 30. Rxg6 Rf8 31. Qe5+ Kd7 32. Rd6# 1-0

[Event "*** SCC Grand Prix: Titled Tuesday Blitz"]
[Site "Chess.com"]
[Date "2020.09.29"]
[Round "8"]
[White "jacky72"]
[Black "Sergienko_Sergey"]
[Result "1-0"]
[WhiteElo "2582"]
[BlackElo "2357"]
[TimeControl "180+1"]
[EndTime "11:32:07 PDT"]
[Termination "jacky72 won on time"]

1. b3 d5 2. Nf3 Nf6 3. g3 Bf5 4. Bg2 e6 5. Bb2 Be7 6. O-O O-O 7. d3 h6 8. Nbd2 c6 9. Ne5 Bh7 10. e4 Nbd7 11. Nxd7 Nxd7 12. Qe2 a5 13. a4 Bf6 14. e5 Be7 15. f4 b5 16. g4 bxa4 17.
Rxa4 Nc5 18. Raa1 a4 19. bxa4 Nxa4 20. Bd4 c5 21. Bf2 Nc3 22. Qf3 Rxa1 23. Rxa1 Qb6 24.
Nb3 Qb4 25. Ra7 c4 26. dxc4 Bxc2 27. Nd4 Be4 28. Qg3 Bc5 29. Bxe4 Nxe4 30. Qb3 Qxb3 31. Nxb3 Bxa7 32. Bxa7 dxc4 33. Nc1 Ra8 34. Be3 c3 35. Kf1 Rb8 36. Ke2 Rb2+ 37. Kd3 f5 38. exf6 Nxf6 39. h3 Rh2 40. Kxc3 Rxh3 41. Kd4 Nxg4 42. Bd2 Kf7 43. Nd3 Kg6 44. Bc1 Kf5 45. Nc5 Rf3 46. Nb7 e5+ 47. fxe5 Nxe5 48. Nd6+ Ke6 49. Ne4 Rd3+ 50. Kc5 Rd5+ 51. Kb6 Rd8 52. Kc7 1-0

[Event "*** SCC Grand Prix: Titled Tuesday Blitz"]
[Site "Chess.com"]
[Date "2020.09.29"]
[Round "8"]
[White "stolencandy13"]
[Black "Violord"]
[Result "0-1"]
[WhiteElo "2464"]
[BlackElo "2685"]
[TimeControl "180+1"]
[EndTime "11:32:10 PDT"]
[Termination "Violord won by resignation"]

1. e4 g6 2. d4 Bg7 3. Nc3 c6 4. f4 d5 5. e5 Nh6 6. Nf3 f6 7. Bd3 Bg4 8. h3 Bxf3 9. Qxf3 fxe5 10. fxe5 Rf8 11. Qg3 Nf5 12. Bxf5 Rxf5 13. Be3 Nd7 14. O-O-O Nb6 15. b3 Qd7 16. a4 O-O-O 17. Kb2 Na8 18. Rhf1 Nc7 19. Rf3 Rxf3 20. gxf3 Qf5 21. Qg4 Rf8 22.
f4 Ne6 23. Qh4 Qf7 24. Rf1 g5 25. Qg4 h5 26. Qe2 gxf4 27. Bg1 Qg6 28. Rf3 Qxg1 29.
Qd3 Qxd4 30. Qh7 Bxe5 31. Qxe7 Qe4 32. Qxe6+ Kb8 33. Qh6 Rh8 34. Rxf4 Rxh6 0-1

[Event "*** SCC Grand Prix: Titled Tuesday Blitz"]
[Site "Chess.com"]
[Date "2020.09.29"]
[Round "8"]
[White "superchthonic"]
[Black "Gulkov_Igor"]
[Result "1/2-1/2"]
[WhiteElo "2571"]
[BlackElo "2444"]
[TimeControl "180+1"]
[EndTime "11:32:11 PDT"]
[Termination "Game drawn by repetition"]

1. Nf3 Nf6 2. g3 g6 3. Bg2 Bg7 4. O-O O-O 5. d4 d6 6. c4 Nbd7 7. Nc3 e5 8. Qc2 Qe7 9. Rd1 c6 10. b3 Re8 11. e3 Nf8 12. Ba3 e4 13. Nd2 Bf5 14. Bb2 h5 15. h3 N8h7 16. d5 c5 17. Ne2 Ng5 18. Nf4 Nd7 19. Bxg7 Kxg7 20. h4 Nh7 21.
Qc3+ Kg8 22. b4 Nhf6 23. bxc5 dxc5 24. Rab1 b6 25. a4 Qd6 26. a5 Reb8 27. axb6 axb6 28. Ra1 Ne5 29. Rxa8 Rxa8 30. Ra1 Rxa1+ 31. Qxa1 Ned7 32.
Qa8+ Kg7 33. Qa1 Kg8 34. Qa8+ Kg7 35. Qa1 Kg8 1/2-1/2